 Dungeon Crawl Stone Soup version 0.17.1-1-g73c8601 (webtiles) character file.

359 Implojin the Grappler (level 6, -3/51 HPs)
             Began as a Minotaur Berserker on Apr 9, 2016.
             Was a Believer of Trog.
             Slain by a hippogriff (4 damage)
             ... on level 7 of the Dungeon.
             The game lasted 00:05:17 (820 turns).

Implojin the Grappler (Minotaur Berserker)           Turns: 820, Time: 00:05:17

Health: -3/51      AC:  5    Str: 22    XL:     6   Next: 37%
Magic:  5/5        EV: 12    Int:  4    God:    Trog [**....]
Gold:   9          SH:  3    Dex: 11    Spells: 0 memorised, 5 levels left

rFire  . . .     SeeInvis .       - Unarmed
rCold  . . .     Clarity  .     i - +0 ring mail
rNeg   . . .     SustAt   .     g - +0 buckler (curse)
rPois  .         Gourm    .     (helmet restricted)
rElec  .         Spirit   .     (no cloak)
rCorr  .         Warding  .     (no gloves)
rMut   .         Stasis   .     (no boots)
MR     .....                    (no amulet)
Stlth  +.........               (no ring)
                                m - +2 ring of evasion (curse)

@: exhausted, slowed, very slow, not resistant to hostile enchantments, very
unstealthy
A: retaliatory headbutt, horns 2
a: Berserk, Trog's Hand, Burn Spellbooks, Renounce Religion


You were on level 7 of the Dungeon.
You worshipped Trog.
Trog was pleased with you.
You were not hungry.

You visited 1 branch of the dungeon, and saw 8 of its levels.

You collected 9 gold pieces.

Inventory:

Hand Weapons
 q - a cursed -1 hand axe
 r - a +0 blowgun
Missiles
 c - 3 javelins (quivered)
 h - 7 curare-tipped needles
Armour
 g - a cursed +0 buckler (worn)
 i - a +0 ring mail (worn)
Jewellery
 m - a cursed +2 ring of evasion (left hand)
Scrolls
 e - 4 scrolls of identify {unknown}
 k - a scroll of fear {unknown}
 l - a scroll of immolation {unknown}
 n - a scroll of teleportation {unknown}
 u - a scroll of silence {unknown}
Potions
 d - a potion of curing
 f - a potion of magic {unknown}
 o - a potion of degeneration {unknown}
 v - a potion of invisibility {unknown}
Books
 s - a book of Fire

   Spells                             Type                      Level
   a - Ignite Poison                  Fire/Transmutation/Poison    3
   b - Fireball                       Conjuration/Fire             5
   c - Bolt of Fire                   Conjuration/Fire             6
   d - Delayed Fireball               Conjuration/Fire             7
   e - Ring of Flames                 Charms/Fire                  7
   Trog disapproves of the use of such an item.
Comestibles
 a - a meat ration
 b - 2 bread rations
 j - 3 slices of pizza
 p - 2 fruits
 t - 2 chunks of flesh


   Skills:
 * Level 3.6 Fighting
 - Level 2.4 Armour
 - Level 2.1 Dodging
 - Level 8.0 Unarmed Combat


You had 5 spell levels left.
You didn't know any spells.

Dungeon Overview and Level Annotations

Branches:
Dungeon (8/15)
 Temple: D:4-7         Lair: D:8-11

Altars:
Fedhas
Ru
Xom


Innate Abilities, Weirdness & Mutations

You reflexively headbutt those who attack you in melee.
You have a pair of horns on your head.


Message History

Unknown command.
Unknown command.
You closely miss the hippogriff. The hippogriff bites you.
* * * LOW HITPOINT WARNING * * *
The hippogriff pecks you but does no damage.
The hippogriff claws you.
* * * LOW HITPOINT WARNING * * *
You hit the hippogriff. Your headbutt misses the hippogriff.
The hippogriff is lightly wounded.
The hippogriff misses you. The hippogriff completely misses you.
The hippogriff claws you but does no damage.
Unknown command.
You punch the hippogriff!
The hippogriff is moderately wounded.
The hippogriff bites you!
* * * LOW HITPOINT WARNING * * *
The hippogriff pecks you.
* * * LOW HITPOINT WARNING * * *
The hippogriff claws you.
* * * LOW HITPOINT WARNING * * *
The hippogriff closely misses you. x2
The hippogriff claws you but does no damage.
You punch the hippogriff!
The hippogriff is heavily wounded.
The hippogriff bites you but does no damage.
The hippogriff pecks you but does no damage.
The hippogriff barely misses you.
Unknown command.
You punch the hippogriff!
The hippogriff is severely wounded.
The hippogriff bites you.
* * * LOW HITPOINT WARNING * * *
The hippogriff pecks you.
* * * LOW HITPOINT WARNING * * *
The hippogriff closely misses you. The hippogriff misses you.
The hippogriff barely misses you. x2
You barely miss the hippogriff.
The hippogriff is severely wounded.
The hippogriff bites you.
You die...

..##.....##.#...###
..####.####.##.##
............# .#
.....###.<### # ##
#.##.# #.##.. ..
#.##.# #.##.# .#
#.##.###.##.# .#
....
.......#####H##..#
... ..##.....@.....#
..#
#####.#####.##.##
..##.######.# .#
..##........# .#
..#########.#####..
....[..............
............########
#############


You could see a hippogriff.

Vanquished Creatures
  Menkaure (D:7)
  A scorpion (D:7)
  2 hounds (D:6)
  An orc wizard (D:6)
  A worker ant (D:7)
  A worker ant zombie (D:6)
  3 adders
  2 worms
  7 orcs
  A bat (D:2)
  3 hobgoblins
  2 giant cockroaches
  4 giant newts
  2 kobolds (D:3)
  A quokka (D:5)
32 creatures vanquished.

Notes
Turn   | Place    | Note
--------------------------------------------------------------
     0 | D:1      | Implojin the Minotaur Berserker began the quest for the Orb.
     0 | D:1      | Reached XP level 1. HP: 19/19 MP: 0/0
   228 | D:2      | Found a faded altar to an unknown god.
   270 | D:3      | Found a shimmering altar of Xom.
   277 | D:3      | Reached skill level 4 in Unarmed Combat
   277 | D:3      | Reached XP level 2. HP: 10/26 MP: 1/1
   415 | D:3      | Reached XP level 3. HP: 2/31 MP: 2/2
   421 | D:3      | Found a blossoming altar of Fedhas.
   466 | D:3      | Reached skill level 5 in Unarmed Combat
   469 | D:3      | Reached ** piety under Trog
   505 | D:5      | Entered Level 5 of the Dungeon
   562 | D:6      | Reached XP level 4. HP: 21/39 MP: 3/3
   569 | D:6      | Reached skill level 6 in Unarmed Combat
   574 | D:6      | Reached XP level 5. HP: 16/45 MP: 4/4
   639 | D:7      | Found a sacrificial altar of Ru.
   670 | D:7      | Reached skill level 7 in Unarmed Combat
   725 | D:8      | Noticed a black bear
   727 | D:8      | Noticed a wasp
   781 | D:7      | Noticed Menkaure
   792 | D:7      | Killed Menkaure
   792 | D:7      | Reached skill level 8 in Unarmed Combat
   792 | D:7      | Reached XP level 6. HP: 37/51 MP: 5/5
   812 | D:7      | Noticed a hippogriff
   819 | D:7      | HP: 2/51 [hippogriff (3)]
   820 | D:7      | Slain by a hippogriff

Action                   |  1- 3 |  4- 6 || total
-------------------------+-------+-------++-------
Melee: Unarmed           |    64 |    40 ||   104
Invok: Berserk           |     2 |     3 ||     5
  Use: Potion            |     1 |     1 ||     2
  Eat: Chunk             |     1 |     1 ||     2
       Fruit             |       |     3 ||     3

Table legend:
 A = Turns spent in this place as a percentage of turns spent in the entire game.
 B = Non-inter-level travel turns spent in this place as a percentage of non-inter-level travel turns spent in the entire game.
 C = Inter-level travel turns spent in this place as a percentage of turns spent in this place.
 D = Turns resting spent in this place as a percentage of non-inter-level travel turns spent in this place.
 E = Turns spent auto-exploring this place as a percentage of non-inter-level travel turns spent in this place.
 F = Non-inter-level travel turns spent in this place divided by the number of levels of this place that you've seen.
                   A       B       C       D       E      F
               +-------+-------+-------+-------+-------+----------------------
         Total | 100.0 | 100.0 |   0.0 |   0.8 |   0.0 |  95.8
       Dungeon | 100.0 | 100.0 |   0.0 |   0.8 |   0.0 |  95.8
               +-------+-------+-------+-------+-------+----------------------

Table legend:
 A = Kills in this place as a percentage of kills in entire the game.
 B = Kills by you in this place as a percentage of kills by you in the entire game.
 C = Kills by friends in this place as a percentage of kills by friends in the entire game.
 D = Other kills in this place as a percentage of other kills in the entire game.
 E = Experience gained in this place as a percentage of experience gained in the entire game.
 F = Experience gained in this place divided by the number of levels of this place that you have seen.
                   A       B       C       D       E      F
               +-------+-------+-------+-------+-------+----------------------
         Total | 100.0 | 100.0 |  -nan |  -nan | 100.0 |  64.2
       Dungeon | 100.0 | 100.0 |  -nan |  -nan | 100.0 |  64.2
               +-------+-------+-------+-------+-------+----------------------
